 Dungeon Crawl Stone Soup version 0.28.0-62-gf88900778d (webtiles) character file.

Game seed: 18316871256516224800

1932 Froggeryz the Slicer (level 9, -11/94 HPs)
             Began as an Octopode Berserker on July 24, 2023.
             Was a Priest of Trog.
             Mangled by an ogre
             ... wielding a +0 giant spiked club
              (15 damage)
             ... on level 6 of the Dungeon.
             The game lasted 00:04:37 (5904 turns).

Froggeryz the Slicer (Octopode Berserker)           Turns: 5904, Time: 00:04:38

Health: -11/94     AC: 24    Str: 24    XL:     9   Next: 17%
Magic:  9/9        EV:  2    Int:  9    God:    Trog [***...]
Gold:   238        SH:  0    Dex: 14    Spells: 8/8 levels left

rFire   . . .      SeeInvis .   o - +1 dagger (protect)
rCold   . . .      Faith    .   (no shield)
rNeg    . . .      Spirit   .   (helmet currently unavailable)
rPois   +          Reflect  .   (no amulet)
rElec   .          Harm     .   w - +6 ring of strength
rCorr   .          Rampage  .   (no ring)
Will    .....      NoTele   +   (no ring)
Stlth   ++........              (no ring)
HPRegen 0.25/turn               (no ring)
MPRegen 0.11/turn               (no ring)
                                (no ring)
                                (no ring)

@: confused, mighty, tree-form, ambrosia-drunk
A: stationary, stasis, torment immunity, boosted hp, almost no armour,
(amphibious), 8 rings, (camouflage 1), (gelatinous body 1), (nimble swimmer 1),
(tentacles)
a: Renounce Religion, Berserk, Trog's Hand


You were on level 6 of the Dungeon.
You worshipped Trog.
Trog was most pleased with you.
You were a tree.
You visited 1 branch of the dungeon, and saw 6 of its levels.

You collected 238 gold pieces.

Inventory:

Hand Weapons
 o - a +1 dagger of protection (weapon)
Missiles
 d - 4 javelins (quivered)
 q - 3 boomerangs
Jewellery
 v - an amulet of reflection
 w - a +6 ring of strength (left branch)
Wands
 j - a wand of flame (9)
 l - a wand of iceblast (19)
 u - a wand of acid (7)
Scrolls
 b - 3 scrolls of summoning {unknown}
 c - 3 scrolls of teleportation {unknown}
 g - a scroll of enchant armour {unknown}
 h - a scroll of blinking {unknown}
 m - 2 scrolls of enchant weapon {unknown}
 n - 8 scrolls of identify {unknown}
 p - a scroll of brand weapon {unknown}
 r - a scroll of fog {unknown}
 s - a scroll of amnesia {unknown}
 t - a scroll of fear {unknown}
 x - a scroll of torment {unknown}
Potions
 e - a potion of curing {unknown}
 f - 2 potions of flight
 i - a potion of might
 k - 2 potions of lignification


   Skills:
 + Level 6.4 Fighting
 * Level 8.8 Short Blades
 * Level 4.0 Dodging
 - Level 7.5 Stealth


You had 8 spell levels left.
You didn't know any spells.
Your spell library was empty.

Dungeon Overview and Level Annotations

Branches:
Dungeon (6/15)             Temple (0/1) D:6

Altars:
Ashenzari
Makhleb
Okawaru
Trog
Xom


Innate Abilities, Weirdness & Mutations

You are a tree.
Your roots penetrate the ground, keeping you stationary.
You cannot be teleported.
You are immune to unholy pain and torment.
Your maximum health is greatly increased.
You cannot wear most types of armour.
((You are amphibious.))
You can wear up to eight rings at the same time.
((Your skin changes colour to match your surroundings (Stealth+).))
((Your rubbery body absorbs attacks. (AC +1, EV +1)))
((You are camouflaged when in or above water. (Stealth+)))
((You have tentacles for arms and can constrict up to eight enemies at once.))


Message History

The ball of steam hits you!
The orc wizard hits you with a +2 dagger of draining.
You feel drained.
You closely miss the steam dragon. Your squeeze misses the steam dragon.
The steam dragon is moderately wounded.
You are engulfed in a cloud of scalding steam.
You constrict the orc wizard.
You kill the orc wizard!
Trog accepts your kill.
Trog appreciates your killing of a magic user.
The steam dragon bites you!
The steam dragon claws you but does no damage.
Your life force feels restored.
Your Dodging skill increases to level 4!
You are engulfed in a cloud of scalding steam.
A phantom comes into view.
The steam dragon breathes steam at you. The ball of steam hits you!!
* * * LOW HITPOINT WARNING * * *
Items here: (( ) †.
An ogre comes into view. It is wielding a +0 giant spiked club.
It was a potion of flight.
You feel very buoyant.
You fly up into the air.
It was a potion of might.
You feel very mighty all of a sudden. The steam dragon bites you.
* * * LOW HITPOINT WARNING * * *
The steam dragon claws you.
* * * LOW HITPOINT WARNING * * *
It was a potion of lignification.
You turn into a tree.
Your roots penetrate the ground.
The steam dragon bites you.
* * * LOW HITPOINT WARNING * * *
The steam dragon claws you but does no damage.
Okay, then.
It was a potion of ambrosia.
You are confused.
You feel invigorated.
The ogre hits you with a +0 giant spiked club!
You die...

#<.#.##..##.##..##..# #.#
#..#..##..#.#..##...# #.#
#......##.....##....###.#
##..###..#..⌠..#..#....#.#
#...####.........####....#
.......'.........+.......#
#...####.#################
#......###...###.##
#.#.##.# #.8.'##♣O##
..#.##.###...#†D##'#
....##...#...#.#§)#...#
..####.#.'.8.+###D#...# ..
...###...# ##W...# . #####
#...# #..... . #.8.+
.....S #...# .....D# #####
#######


You could see a steam dragon and an ogre.

Vanquished Creatures
  A troll (D:5)
  Grinder (D:4)
  An orc warrior (D:6)
  2 necrophages
  An ogre (D:5)
  A centaur (D:6)
  2 phantoms
  3 scorpions
  A water moccasin zombie (D:5)
  2 vampire bats (D:3)
  A hound (D:5)
  A jelly (D:4)
  3 orc priests
  Crazy Yiuf (D:4)
  5 orc wizards
  Ijyb (D:5)
  Natasha (thrice) (D:2)
  An iguana (D:4)
  9 adders
  2 adder skeletons (D:4)
  A worm (D:5)
  21 orcs
  11 endoplasms
  13 giant cockroaches
  6 goblins
  5 hobgoblins
  5 jackals (D:1)
  A quokka (D:2)
  5 ball pythons
  9 bats
  4 frilled lizards
  9 kobolds
  6 rats
138 creatures vanquished.

Vanquished Creatures (others)
  An adder (D:6)
1 creature vanquished.

Grand Total: 139 creatures vanquished

Notes
Turn   | Place    | Note
-------+----------+-------------------------------------------
     0 | D:1      | Froggeryz the Octopode Berserker began the quest for the
                  | Orb.
     0 | D:1      | Reached XP level 1. HP: 16/16 MP: 1/1
   236 | D:1      | Reached skill level 1 in Stealth
   236 | D:1      | Reached XP level 2. HP: 15/21 MP: 2/2
   706 | D:1      | Reached XP level 3. HP: 26/26 MP: 3/3
   725 | D:1      | Found a faded altar of an unknown god.
  1122 | D:2      | Reached ** piety under Trog
  1239 | D:2      | Reached skill level 4 in Short Blades
  1310 | D:2      | Reached XP level 4. HP: 28/31 MP: 4/4
  1420 | D:2      | Noticed Natasha
  1425 | D:2      | Killed Natasha
  1738 | D:2      | Noticed Natasha
  1749 | D:2      | Killed Natasha
  1750 | D:2      | Reached XP level 5. HP: 27/37 MP: 5/5
  1914 | D:2      | Noticed Natasha
  1921 | D:2      | Killed Natasha
  1955 | D:2      | Found a broken altar of Ashenzari.
  2162 | D:3      | Reached skill level 5 in Short Blades
  2162 | D:3      | Reached XP level 6. HP: 35/43 MP: 6/6
  2476 | D:3      | Found a burning altar of Makhleb.
  2630 | D:3      | Reached *** piety under Trog
  2876 | D:3      | Found a shimmering altar of Xom.
  3129 | D:4      | Noticed Grinder
  3366 | D:4      | Paralysed by Grinder for 6 turns
  3377 | D:4      | Paralysed by Grinder for 6 turns
  3388 | D:4      | Killed Grinder
  3389 | D:4      | Reached skill level 6 in Short Blades
  3389 | D:4      | Reached skill level 5 in Stealth
  3389 | D:4      | Reached XP level 7. HP: 43/49 MP: 7/7
  3544 | D:4      | Reached skill level 5 in Fighting
  3578 | D:4      | Found a runed translucent door.
  3579 | D:4      | Noticed Crazy Yiuf
  3770 | D:4      | Found an iron altar of Okawaru.
  4084 | D:4      | Found a broken altar of Ashenzari.
  4363 | D:4      | Killed Crazy Yiuf
  4508 | D:5      | Entered Level 5 of the Dungeon
  4548 | D:5      | Reached skill level 7 in Short Blades
  4548 | D:5      | Reached XP level 8. HP: 55/55 MP: 8/8
  5011 | D:5      | Found a bloodstained altar of Trog.
  5243 | D:5      | Noticed Ijyb
  5248 | D:5      | Killed Ijyb
  5281 | D:5      | Noticed a troll
  5289 | D:5      | Killed a troll
  5290 | D:5      | Reached skill level 8 in Short Blades
  5519 | D:6      | Found a staircase to the Ecumenical Temple.
  5544 | D:6      | Reached XP level 9. HP: 40/62 MP: 9/9
  5899 | D:6      | HP: 3/63 [steam dragon/ball of steam (18)]
  5902 | D:6      | HP: 1/63 [steam dragon (1)]
  5904 | D:6      | Mangled by an ogre

Illustrated notes

Levels and vault maps discovered:
D:1:      lightli_arrival_isolated_outpost, layout_loops_ring,
          basic_ecumenical_altar
D:2:      minmay_roachtagon, layout_basic, basic_altar, uniq_natasha
D:3:      layout_loops_ring, xom_teletrap_fun, lemuel_crystal_altar,
          roderic_batcave
D:4:      layout_loops_ring, lemuel_coloured_pillars_altar, kennysheep_mini,
          uniq_grinder, uniq_crazy_yiuf_cottage
D:5:      layout_loops_ring, trog_book, serial_rivers,
          chequers_serial_rivers_small_b, chequers_serial_rivers_micro_d,
          chequers_serial_rivers_micro_b, chequers_serial_rivers_small_b,
          chequers_serial_rivers_micro_d, chequers_serial_rivers_micro_d,
          uniq_ijyb
D:6:      minmay_chambers_of_threes, layout_loops_corners, zin_angel,
          minmay_temple_entry_waves, serial_shops, shop, uniq_sigmund

Skill      XL: |  1  2  3  4  5  6  7  8  9 |
---------------+----------------------------+-----
Stealth        | 1 2 3 5 6 7 |  7.5
Short Blades   | 4 5 6 7 8 |  8.8
Fighting       | 4 5 6 |  6.4
Dodging        | 4 |  4.0

Action                   |  1- 3 |  4- 6 |  7- 9 || total
-------------------------+-------+-------+-------++-------
Melee: Short sword       |    80 |    99 |       ||   179
       Constrict         |    22 |    30 |    24 ||    76
       Tentacles         |    15 |    21 |    38 ||    74
       Punch             |     2 |     4 |     2 ||     8
       Dagger            |       |    12 |   141 ||   153
Throw: Javelin           |       |       |     1 ||     1
Invok: Trog's Hand       |       |     2 |       ||     2
       Berserk           |       |     1 |     1 ||     2
Evoke: Wand              |       |       |     2 ||     2
  Use: Potion            |       |       |     4 ||     4
 Stab: Sleeping          |     5 |    11 |    12 ||    28
       Distracted        |       |     1 |       ||     1
Armor: Skin              |     4 |    11 |    25 ||    40
Dodge: Dodged            |    40 |    84 |    54 ||   178
